AoeStats
← powerkek

Fortress

509152327Analyzed
4v4 RM · 6d ago on Sep 25, 2026· 62m 4s· 8 players
Game mode
Random Map
Map size
Huge
Population
200
Speed
Normal
Resources
Standard
Victory
Conquest
Starting age
Dark Age
Ending age
Imperial Age
RankedLock teamsTeams togetherTeam positionsShared explorationLock speedFull tech treeHidden civsTurbo modeCheats
Victory
Defeat
🇵🇰 Huns · Pakistan
992
+16
🇵🇰 Sicilians · Pakistan
979
+16
🇨🇳 Turks · China
975
+16
🇮🇳 Danes · India
924
+19
🇸🇰 Ethiopians · Slovakia
1024
-18
🇸🇰 Chinese · Slovakia
1016
-18
🇧🇪 Inca · Belgium
962
-16
🇨🇳 Goths · China
937
-15
vanherenthals.remy
8:41 Feudal Age
9:05 Loom
13:28 Castle Age
14:58 Squires
15:13 Scale Mail Armor
17:33 Horse Collar
18:46 Double-Bit Axe
21:20 Wheelbarrow
20:37 Arson
21:35 Forging
23:05 Iron Casting
22:53 Chain Mail Armor
27:10 Imperial Age
25:51 Hand Cart
25:56 Heavy Plow
26:15 Bow Saw
28:07 Gold Mining
28:07 Stone Mining
28:57 Plate Mail Armor
29:27 Blast Furnace
28:55 Conscription
28:49 Elite Kamayuk
29:31 Capped Ram
Iraqi Fairy Queen
7:23 Feudal Age
5:39 Loom
5:45 Loom
7:30 Feudal Age
8:36 Double-Bit Axe
8:37 Horse Collar
8:52 Gold Mining
13:03 Castle Age
12:41 Fletching
12:51 Padded Archer Armor
13:52 Crossbowman
14:38 Thumb Ring
14:32 Bodkin Arrow
18:51 Bow Saw
22:35 Ballistics
22:58 Wheelbarrow
28:00 Leather Archer Armor
31:52 Imperial Age
32:36 Bracer
33:07 Ring Archer Armor
32:12 Arbalester
35:01 Chemistry
命格
1:20 Loom
8:23 Feudal Age
9:55 Double-Bit Axe
12:43 Castle Age
10:49 Horse Collar
11:41 Stone Mining
11:48 Fletching
13:08 Wheelbarrow
12:27 Gold Mining
14:36 Bow Saw
15:00 Heavy Plow
20:43 Hand Cart
21:52 Pikeman
23:06 Bodkin Arrow
26:22 Imperial Age
24:35 Squires
24:39 Scale Mail Armor
24:50 Forging
26:08 Anarchy
26:27 Town Watch
28:29 Two-Man Saw
27:58 Chain Mail Armor
29:00 Conscription
30:10 Elite Huskarl
31:56 Iron Casting
32:33 Murder Holes
33:54 Blast Furnace
33:55 Crop Rotation
33:39 Halberdier
35:20 Padded Archer Armor
35:37 Capped Ram
40:11 Bracer
46:41 Perfusion
powerkek
8:12 Feudal Age
9:37 Wheelbarrow
9:02 Double-Bit Axe
10:59 Loom
13:21 Castle Age
11:18 Horse Collar
12:34 Gold Mining
12:39 Stone Mining
13:35 Loom
14:28 Fletching
15:44 Hand Cart
15:28 Bodkin Arrow
16:06 Bow Saw
16:14 Padded Archer Armor
16:45 Heavy Plow
18:05 Town Watch
18:38 Leather Archer Armor
25:51 Imperial Age
26:00 Thumb Ring
27:45 Bracer
28:16 Ring Archer Armor
37:04 Two-Man Saw
Just_jawad
0:28 Loom
9:07 Feudal Age
12:03 Forging
11:42 Double-Bit Axe
14:10 Castle Age
12:31 Scale Mail Armor
12:59 Horse Collar
13:53 Arson
14:05 Gold Mining
14:12 Stone Mining
15:28 Wheelbarrow
15:19 Bow Saw
22:03 Iron Casting
25:00 Heavy Plow
27:23 Hand Cart
28:57 Masonry
33:06 Imperial Age
30:55 Squires
30:41 Gambesons
31:45 Chain Mail Armor
32:49 Gold Shaft Mining
32:54 Stone Shaft Mining
33:08 Elite Serjeant
34:10 Conscription
34:28 Hoardings
34:56 Blast Furnace
34:27 Plate Mail Armor
33:49 Capped Ram
37:08 Siege Ram
40:03 First Crusade
41:34 Chemistry
40:25 Heated Shot
41:23 Arrowslits
Lezionare
6:47 Feudal Age
11:02 Castle Age
9:22 Double-Bit Axe
10:15 Horse Collar
13:32 Bow Saw
19:21 Fletching
19:48 Loom
22:14 Bodkin Arrow
26:10 Padded Archer Armor
27:51 Heavy Plow
28:19 Leather Archer Armor
29:29 Wheelbarrow
29:22 Thumb Ring
29:42 Ballistics
30:08 Bloodlines
29:58 Husbandry
31:22 Hand Cart
35:21 Imperial Age
36:06 Bracer
35:30 Cranequins
35:31 Heavy Mounted Crossbowman
38:00 Ring Archer Armor
38:10 Conscription
37:46 Gold Mining
37:47 Stone Mining
43:19 Gold Shaft Mining
48:08 Chemistry
48:02 Stone Shaft Mining
54:21 Murder Holes
58:49 Coinage
58:04 Hamask
59:33 Hoardings
59:12 Spies/Treason
Memory
9:12 Feudal Age
10:30 Wheelbarrow
13:01 Castle Age
12:16 Scale Barding Armor
14:30 Chain Barding Armor
14:36 Forging
14:30 Husbandry
14:40 Bloodlines
16:42 Iron Casting
16:54 Gold Mining
17:08 Gold Mining
19:19 Hand Cart
19:51 Fletching
21:52 Loom
23:15 Bodkin Arrow
30:14 Double-Bit Axe
30:11 Horse Collar
34:16 Imperial Age
32:10 Padded Archer Armor
32:50 Marauders
36:33 Plate Barding Armor
37:13 Blast Furnace
41:08 Blast Furnace
41:27 Elite Tarkan
46:20 Bracer
46:36 Leather Archer Armor
47:23 Chemistry
46:43 Ballistics
58:41 Town Watch
59:26 Town Patrol
gongyi528
9:21 Feudal Age
7:36 Loom
10:35 Double-Bit Axe
10:41 Gold Mining
11:28 Horse Collar
14:34 Castle Age
15:50 Gold Shaft Mining
20:46 Imperial Age
18:43 Bow Saw
18:33 Heavy Plow
18:37 Padded Archer Armor
19:57 Leather Archer Armor
20:58 Wheelbarrow
21:57 Ring Archer Armor
29:38 Scale Barding Armor
31:07 Chain Barding Armor
32:05 Capped Ram
33:33 Hand Cart
36:24 Plate Barding Armor
36:29 Fletching
36:50 Forging
39:46 Two-Man Saw
39:44 Bodkin Arrow
40:25 Iron Casting
40:42 Bracer
40:54 Bloodlines
40:45 Husbandry
41:27 Heavy Cavalry Archer
42:33 Parthian Tactics
42:13 Thumb Ring
43:01 Treadmill Crane
43:32 Fortified Wall
43:32 Masonry
44:26 Conscription
44:27 Sipahi
44:09 Artillery
43:30 Elite Janissary
44:12 Siege Ram
45:53 Blast Furnace
45:31 Scale Mail Armor
49:29 Architecture
49:21 Ballistics
49:22 Bombard Tower
51:39 Town Watch
51:54 Murder Holes
52:58 Chain Mail Armor
52:38 Guard Tower
52:12 Elite Janissary
55:48 Plate Mail Armor
55:57 Keep
56:31 Town Patrol
56:53 Shipwright
56:39 Siphons
56:44 Clinker Construction
56:20 Arrowslits
56:26 Heated Shot
56:47 Careening
58:34 Incendiaries
61:17 Hoardings
Connection lost

Rejoining the realm…

Still unreachable

The connection could not be restored.

Session expired

The server has moved on; the page needs a fresh start.